 Dungeon Crawl Stone Soup version 0.31.0-11-ge490571c62 (webtiles) character file.

Game seed: 8187775198549465372

6 Bravepunisher the Ducker (level 1, 10/11 HPs)
             Began as a Spriggan Monk on Jan 26, 2024.
             Quit the game in the Ecumenical Temple.
             The game lasted 00:03:15 (349 turns).

Bravepunisher the Ducker (Spriggan Monk)             Turns: 349, Time: 00:03:15

Health: 10/11      AC:  2    Str:  7    XL:     1   Next: 75%
Magic:  2/2        EV: 19    Int: 11    God:
Gold:   19         SH:  0    Dex: 17    Spells: 0/0 levels left

rFire   . . .        a - +0 short sword
rCold   . . .        (no shield)
rNeg    . . .        b - +0 robe
rPois   .            (helmet restricted)
rElec   .            (no cloak)
rCorr   .            (gloves unavailable)
SInv    +            (boots unavailable)
Will    .....        (no amulet)
Stlth   ++           (no ring)
HPRegen 0.21/turn    (no ring)
MPRegen 0.08/turn

%: no passive effects
@: very quick
A: very small, no large weapons, unfitting armour, see invisible, speed 3
a: no special abilities


You were in the Ecumenical Temple.
You visited 2 branches of the dungeon, and saw 5 of its levels.

You collected 19 gold pieces.

Inventory:

Hand Weapons
 a - a +0 short sword (weapon)
Armour
 b - a +0 robe (worn)
Scrolls
 d - 2 scrolls of teleportation {unknown}
 e - a scroll of vulnerability {unknown}
Potions
 c - a potion of ambrosia


   Skills:
 * Level 2.7 Fighting
 - Level 3.2 Short Blades
 + Level 4.2 Dodging


You couldn't memorise any spells.
You didn't know any spells.
Your spell library was empty.

Dungeon Overview and Level Annotations

Branches:
Dungeon (4/15)             Temple (1/1) D:4

Altars:
Ashenzari
Cheibriados
Fedhas
Gozag
Hepliaklqana
Kikubaaqudgha
Nemelex Xobeh
Okawaru
Qazlal
Ru
Sif Muna
Uskayaw
Wu Jian
Yredelemnul

Shops:
D:3 (


Innate Abilities, Weirdness & Mutations

You are very small and have problems with some larger weapons.
You are too small for most types of armour.
You have supernaturally acute eyesight. (SInv)
You cover ground extremely quickly. (Speed+++)


Message History

You completely miss the goblin. The goblin completely misses you.
You hit the goblin.
You kill the goblin!
There is a stone staircase leading down here.
You see here a +0 club.
You climb downwards.
Found a leather armour and 6 gold pieces.
Found a stone staircase leading down.
There is a stone staircase leading up here.
The kobold shouts!
The goblin shouts!
A ball python comes into view.
Found an iron altar of Okawaru.
The ball python hisses angrily.
The kobold throws a stone.
The stone misses you.
A quokka comes into view.
Found a scroll labelled QOADYI TUAXUU.
An adder comes into view.
The rat squeaks loudly.
The adder hisses angrily.
The adder misses you.
The kobold throws a stone.
The stone closely misses you. The adder attacks as it pursues you!
The adder misses you.
The rat twitches its whiskers.
The rat bites you. The adder attacks as it pursues you! The adder misses you.
The rat attacks as it pursues you! The rat misses you. The quokka misses you.
The rat attacks as it pursues you! The rat misses you.
The quokka twitches its whiskers.
The rat attacks as it pursues you! The rat bites you.
The kobold throws a stone.
The stone hits you.
Found a staircase to the Ecumenical Temple.
There is a staircase to the Ecumenical Temple here.
Something bites the plant.
The plant begins to die.
You climb downwards.
Welcome to the Ecumenical Temple!
Found a staircase back to the Dungeon.
There is a staircase back to the Dungeon here.
There's nothing to close nearby.
Found a hazy altar of Hepliaklqana.
Found a basalt altar of Yredelemnul.
There is a basalt altar of Yredelemnul here.
Are you sure you want to abandon this character and quit the game? (Confirm with "yes".)

......_.....###.....###....._....
.............###...###...........
≈≈≈≈≈≈≈≈......###.###......≈≈≈≈≈≈
#######≈≈......#####......≈≈#####
##≈≈......###......≈≈##
##≈≈......#......≈≈##
##≈≈...........≈≈##
##≈≈.........≈≈## ##≈≈..@_...≈≈##
##≈≈.....≈≈## ##≈≈...≈≈##
##≈≈.≈≈## ##≈≈≈## ##≈## ###


There were no monsters in sight!

Vanquished Creatures
  A dart slug (D:1)
  A giant cockroach (D:3)
  A goblin (D:3)
  A bat (D:3)
4 creatures vanquished.

Notes
Turn   | Place    | Note
-------+----------+-------------------------------------------
     0 | D:1      | Bravepunisher the Spriggan Monk began the quest for the
                  | Orb.
     0 | D:1      | Reached XP level 1. HP: 11/11 MP: 2/2
    79 | D:3      | Found Kiafare's Weapon Shop.
   151 | D:3      | Found an opulent altar of Gozag.
   287 | D:4      | Found an iron altar of Okawaru.
   318 | D:4      | Found a staircase to the Ecumenical Temple.
   327 | Temple   | Entered the Ecumenical Temple
   349 | Temple   | Quit the game

Illustrated notes

Levels and vault maps discovered:
D:1:      scummos_arrival_forest, layout_rooms, ebering_ecumenical_altar_webs,
          minmay_hedge_maze, nicolae_shop_vocational
D:2:      layout_basic, uniq_sigmund, uniq_crazy_yiuf_cottage, uniq_jessica
D:3:      layout_loops_ring, amcnicky_altar_gilded, mainiacjoe_overflow_catwalk,
          serial_shops, shop
D:4:      layout_rooms, nicolae_elyvilon_temple_path, okawaru_trees_2,
          minmay_temple_entry_gardened_gates, minmay_liquid_box
Temple:   hc_temple_tempest_star

Action                     || total
---------------------------++-------
  Melee: Short sword       ||     7
   Stab: Sleeping          ||     1
 Armour: Robe              ||     9
  Dodge: Dodged            ||    18
